 Dungeon Crawl Stone Soup version 0.22.1-1-ga44c0e5 (webtiles) character file.

1967 seyes the Transmogrifier (level 9, -1/63 HPs)
             Began as an Octopode Transmuter on Oct 26, 2018.
             Was a Priest of Okawaru.
             Slain by an orc warrior
             ... wielding a +0 halberd
              (10 damage)
             ... on level 7 of the Dungeon.
             The game lasted 00:38:18 (9926 turns).

seyes the Transmogrifier (Octopode Transmuter)      Turns: 9926, Time: 00:38:19

Health: -1/63      AC:  6    Str: 10    XL:     9   Next: 19%
Magic:  16/18      EV: 13    Int: 18    God:    Okawaru [***...]
Gold:   328        SH:  0    Dex: 12    Spells: 8/20 levels left

rFire    . . .     SeeInvis .     - Unarmed
rCold    + + +     Gourm    .   (shield currently unavailable)
rNeg     + . .     Faith    .   (helmet currently unavailable)
rPois    +         Spirit   .   F - amulet of rage
rElec    .         Reflect  .   e - ring of positive energy
rCorr    .         Harm     .   j - ring of flight
MR       .....                  n - ring of protection from fire
Stlth    +++.......             (no ring)
HPRegen  0.20/turn              (no ring)
MPRegen  0.16/turn              (no ring)
                                (no ring)
                                (no ring)

@: about to teleport, ice-form (expiring), heroism
A: large, almost no armour, stealthy swim, amphibious, 8 rings, (constrict 8)
a: End Transformation, Heroism, Renounce Religion, Evoke Berserk Rage, Evoke
Flight


You were on level 7 of the Dungeon.
You worshipped Okawaru.
Okawaru was most pleased with you.
You were not hungry.
You were a creature of crystalline ice.
You visited 1 branch of the dungeon, and saw 7 of its levels.
You also visited: Ossuary.

You collected 358 gold pieces.
You spent 30 gold pieces at shops.

Inventory:

Hand Weapons
 r - the cursed +1 spear "Edwifal" {pierce, rF++}
   (You found it on level 4 of the Dungeon)

   It inflicts extra damage upon your enemies.
   It greatly protects you from fire.
   It has a curse placed upon it.
 E - a +0 shortbow of freezing
Missiles
 a - 73 arrows
 i - 171 stones (quivered)
Magical Staves
 m - an uncursed staff of earth
Jewellery
 e - a ring of positive energy (left front paw)
 j - a ring of flight (right front paw)
 n - a ring of protection from fire (on tentacle)
 F - an amulet of rage (around neck)
Wands
 l - a wand of digging (6)
 t - a wand of polymorph (24)
 z - a wand of disintegration (9)
 H - a wand of flame (18)
Scrolls
 d - a scroll of fear
 g - 2 scrolls of enchant weapon
 o - 2 scrolls of teleportation
 p - 6 scrolls of remove curse {unknown}
 y - a scroll of amnesia {unknown}
 C - a scroll of fog {unknown}
 D - a scroll of enchant armour {unknown}
 G - a scroll of identify
 I - a scroll of summoning {unknown}
 J - a scroll of magic mapping {unknown}
Potions
 b - a potion of brilliance {unknown}
 f - 2 potions of haste {unknown}
 h - a potion of magic {unknown}
 k - 3 potions of lignification {unknown}
 q - 2 potions of berserk rage {unknown}
 s - a potion of heal wounds {unknown}
 u - a potion of agility {unknown}
 v - 2 potions of might {unknown}
 w - a potion of mutation {unknown}
 x - 2 potions of curing
 A - a potion of flight {unknown}
 B - a potion of degeneration {unknown}
 K - a potion of invisibility {unknown}
Comestibles
 c - 11 rations
 L - 7 chunks of flesh


   Skills:
 - Level 1.0(6.0) Fighting
 - Level 2.0(7.0) Dodging
 - Level 3.0(8.0) Unarmed Combat
 + Level 6.4 Spellcasting
 + Level 8.6 Transmutations
 - Level 4.0 Ice Magic
 - Level 2.0 Invocations


You had 8 spell levels left.
You knew the following spells:

 Your Spells              Type           Power        Failure   Level  Hunger
a - Beastly Appendage     Tmut           #####.       1%          1    None
b - Blade Hands           Tmut           #####.....   10%         5    #####..
i - Ice Form              Ice/Tmut       ####....     9%          4    ####...
t - Sticks to Snakes      Tmut           #####...     1%          2    None

Your spell library contained the following spells:

 Spells                   Type           Power        Failure   Level  Hunger
 Spider Form              Tmut/Pois      ###.......   6%          3    ##.....


Dungeon Overview and Level Annotations

Branches:
Dungeon (7/15)             Temple (0/1) D:4

Altars:
Ashenzari
Cheibriados
Dithmenos
Fedhas
Gozag
Hepliaklqana
Okawaru
Qazlal
Sif Muna
Trog
Uskayaw
Yredelemnul
Zin
The Shining One

Shops:
D:4 !   D:6 [   D:7 %


Innate Abilities, Weirdness & Mutations

You cannot wear most types of armour.
You are very stealthy in the water. (Stealth+)
You are amphibious.
You can wear up to eight rings at the same time.
((You can use your tentacles to constrict eight enemies at once.))
((Your skin changes colour to match your surroundings (Stealth+).))
((Your rubbery body absorbs attacks. (AC +1, EV +1)))


Message History

Unknown command.
As you read the scroll of teleportation, it crumbles to dust.
You feel strangely unstable.
Your transformation is almost over.
The orc warrior hits you from afar with a halberd.
You gain the combat prowess of a mighty hero.
The killer bee barely misses you. The killer bee stings you.
* * * LOW HITPOINT WARNING * * *
The orc warrior misses you.
The orc wizard gestures wildly while chanting.
The orc wizard flickers and vanishes!
You hit the killer bee. You freeze the killer bee.
The killer bee is lightly wounded.
The killer bee barely misses you. The killer bee misses you.
You barely miss the killer bee.
The killer bee is lightly wounded.
The killer bee stings you!
* * * LOW HITPOINT WARNING * * *
The orc warrior hits you from afar with a halberd!
You die...

.. #####..##..# ## #.
#.o.......# # #.[
####.######.## #
#..#.....#####.### ###
#....##.8..∩..8.# #..
##.#.#########..# #.# #
#.{### #..########.#
##.oy#######.#...##...#
###oyY..##>........###
#####.......[...##
##..#..>....#
####.......# #.>....##
...........#
####.......# #.......#
##.....##


You could see an orc warrior, 2 killer bees and an orc priest.

Vanquished Creatures
  An orc warrior (D:7)
  An ice beast (D:5)
  A phantom (D:5)
  An ogre (D:5)
  Blork the orc (D:6)
  A scorpion (D:3)
  4 killer bees (D:7)
  A howler monkey (D:5)
  A bullfrog zombie (D:6)
  A crimson imp (D:5)
  4 hounds
  An orc priest (D:4)
  2 orc wizards (D:7)
  2 iguanas
  7 worker ants
  A hound skeleton (D:4)
  15 mummies
  A howler monkey zombie (D:5)
  A worker ant zombie (D:5)
  3 gnolls (D:4)
  4 adders
  2 shadow imps
  2 adder skeletons (D:5)
  2 worms
  A dart slug (D:3)
  21 orcs
  A ball python (D:3)
  4 giant cockroaches
  3 goblins (D:1)
  3 hobgoblins
  2 jackals (D:7)
  3 quokkas
  7 bats
  A frilled lizard (D:1)
  2 gnoll skeletons (Ossuary)
  A goblin skeleton (Ossuary)
  2 goblin zombies (D:5)
  5 kobolds
  2 kobold skeletons (Ossuary)
  2 orc skeletons (Ossuary)
  A quokka skeleton (D:5)
  A quokka zombie (D:7)
  5 rats
  11 rat skeletons (Ossuary)
138 creatures vanquished.

Vanquished Creatures (collateral kills)
  Pikel (D:5)
  An ogre (D:6)
  Crazy Yiuf (D:3)
  A leopard gecko (D:5)
4 creatures vanquished.

Vanquished Creatures (others)
  A goblin skeleton (Ossuary)
1 creature vanquished.

Grand Total: 143 creatures vanquished

Notes
Turn   | Place    | Note
-------+----------+-------------------------------------------
     0 | D:1      | seyes the Octopode Transmuter began the quest for the Orb.
     0 | D:1      | Reached XP level 1. HP: 13/13 MP: 3/3
   260 | D:1      | Reached XP level 2. HP: 17/18 MP: 5/5
   896 | D:1      | Reached skill level 3 in Transmutations
  1067 | D:2      | Found an iron altar of Okawaru.
  1074 | D:2      | Became a worshipper of Warmaster Okawaru
  1308 | D:2      | Reached XP level 3. HP: 22/23 MP: 6/6
  1316 | D:2      | Learned a level 2 spell: Sticks to Snakes
  1325 | D:2      | Found a faded altar of an unknown god.
  1705 | D:3      | Reached skill level 4 in Transmutations
  1751 | D:3      | Reached XP level 4. HP: 25/28 MP: 5/7
  2323 | D:3      | Reached skill level 5 in Transmutations
  2323 | D:3      | Reached XP level 5. HP: 30/33 MP: 6/8
  2503 | D:3      | Found a runed door.
  2507 | D:3      | Noticed Crazy Yiuf
  2512 | D:3      | Killed Crazy Yiuf
  3681 | D:4      | Reached XP level 6. HP: 5/38 MP: 8/10
  3971 | D:4      | Found a staircase to the Ecumenical Temple.
  4038 | D:4      | Got a polished spear
  4098 | D:4      | Found Viytel's Distillery.
  4106 | D:4      | Bought a potion of curing for 30 gold pieces
  4113 | D:4      | Found an opulent altar of Gozag.
  4213 | D:5      | Entered Level 5 of the Dungeon
  4380 | D:5      | Found a sand-covered staircase.
  4445 | Ossuary  | Entered an ossuary
  4508 | Ossuary  | Reached skill level 6 in Transmutations
  5426 | Ossuary  | Reached XP level 7. HP: 25/43 MP: 12/12
  5560 | Ossuary  | Learned a level 5 spell: Blade Hands
  5565 | Ossuary  | Learned a level 4 spell: Ice Form
  6366 | D:5      | Identified the cursed +1 spear "Edwifal" {pierce, rF++}
                  | (You found it on level 4 of the Dungeon)
  6424 | D:5      | Reached skill level 1 in Ice Magic
  6479 | D:5      | Found a hide-covered altar of Uskayaw.
  6479 | D:5      | Noticed an enchanted hand axe
  6479 | D:5      | Noticed a dagger
  6702 | D:5      | Found a deep blue altar of Sif Muna.
  6900 | D:5      | Reached * piety under Okawaru
  7091 | D:5      | Reached skill level 1 in Invocations
  7615 | D:5      | Reached XP level 8. HP: 33/48 MP: 12/14
  7760 | D:5      | Reached skill level 7 in Transmutations
  7916 | D:5      | Noticed Pikel
  7971 | D:5      | Killed Pikel
  7971 | D:5      | Reached ** piety under Okawaru
  7971 | D:5      | Reached skill level 5 in Spellcasting
  8089 | D:6      | Found a stormy altar of Qazlal.
  8197 | D:6      | Found a glowing silver altar of Zin.
  8201 | D:6      | Found a bloodstained altar of Trog.
  8201 | D:6      | Found a shattered altar of Ashenzari.
  8205 | D:6      | Found a shadowy altar of Dithmenos.
  8415 | D:6      | Found a basalt altar of Yredelemnul.
  8433 | D:6      | Found a glowing golden altar of the Shining One.
  8773 | D:6      | Noticed Blork the orc
  8929 | D:6      | Found Coichoob's Antique Armour Emporium.
  8995 | D:6      | Found a hazy altar of Hepliaklqana.
  8996 | D:6      | Found a snail-covered altar of Cheibriados.
  9038 | D:6      | Noticed an angel
  9114 | D:6      | Killed Blork the orc
  9114 | D:6      | Reached skill level 8 in Transmutations
  9364 | D:7      | Found a blossoming altar of Fedhas.
  9796 | D:7      | Found Piffiuv's Food Shoppe.
  9838 | D:7      | Reached XP level 9. HP: 48/53 MP: 11/18
  9904 | D:7      | Reached *** piety under Okawaru
  9926 | D:7      | Slain by an orc warrior

Skill      XL: |  1  2  3  4  5  6  7  8 |
---------------+-------------------------+-----
Transmutations | 3 4 5 6 8 |  8.6
Spellcasting   | 3 4 6 |  6.4
Ice Magic      | 2 4 |  4.0
Invocations    | 1 2 |  2.0
Fighting       | |  1.0
Dodging        | |  2.0
Unarmed Combat | |  3.0

Action                   |  1- 3 |  4- 6 |  7- 9 || total
-------------------------+-------+-------+-------++-------
Melee: Unarmed           |    65 |   155 |   234 ||   454
       Constrict         |    20 |    45 |    38 ||   103
       Tentacles         |     9 |    29 |    34 ||    72
       Kick              |     6 |    45 |    36 ||    87
       Punch             |     1 |     4 |     5 ||    10
Throw: Stone             |     2 |     5 |    10 ||    17
 Cast: Beastly Appendage |     6 |    21 |    21 ||    48
       Sticks to Snakes  |       |     3 |    18 ||    21
       Ice Form          |       |       |     4 ||     4
       Blade Hands       |       |       |     3 ||     3
Invok: Heroism           |       |       |     4 ||     4
Evoke: Wand              |       |       |     4 ||     4
  Use: Scroll            |     2 |     3 |     3 ||     8
       Potion            |       |       |     2 ||     2
 Stab: Sleeping          |     1 |     8 |     4 ||    13
       Distracted        |       |     1 |     2 ||     3
  Eat: Chunk             |     3 |     5 |    12 ||    20
       Ration            |       |     2 |     1 ||     3
Armor: Skin              |     9 |     4 |    19 ||    32
Dodge: Dodged            |    39 |    62 |   104 ||   205
